 Dungeon Crawl Stone Soup version 0.23.2-1-ga50397a (webtiles) character file.

Game seed: 2695344961869675657

741 Kahsius the Chopper (level 7, 0/62 HPs)
             Began as a Minotaur Berserker on Apr 28, 2019.
             Was a Priest of Trog.
             Succumbed to Duvessa's poison
             ... on level 4 of the Dungeon.
             The game lasted 00:15:21 (3786 turns).

Kahsius the Chopper (Minotaur Berserker)            Turns: 3786, Time: 00:15:21

Health: 0/62       AC:  9    Str: 22    XL:     7   Next: 47%
Magic:  6/6        EV: 10    Int:  4    God:    Trog [***...]
Gold:   227        SH:  0    Dex: 11    Spells: 6/6 levels left

rFire    . . .     SeeInvis .   n - +0 war axe
rCold    . . .     Gourm    .   (no shield)
rNeg     . . .     Faith    .   o - +0 chain mail
rPois    .         Spirit   .   (helmet restricted)
rElec    .         Reflect  .   (no cloak)
rCorr    .         Harm     .   (no gloves)
MR       +++..                  (no boots)
Stlth    ..........             (no amulet)
HPRegen  1.20/turn              m - ring of protection from magic
MPRegen  0.10/turn              (no ring)

@: lethally poisoned (0 -> -1), regenerating
A: retaliatory headbutt, horns 2
a: Berserk, Trog's Hand, Renounce Religion


You were on level 4 of the Dungeon.
You worshipped Trog.
Trog was most pleased with you.
You were hungry.

You visited 1 branch of the dungeon, and saw 5 of its levels.

You collected 227 gold pieces.

Inventory:

Hand Weapons
 n - a +0 war axe (weapon)
Armour
 b - a +0 animal skin
 d - a +0 leather armour
 o - a +0 chain mail (worn)
 r - a cursed +0 chain mail
Jewellery
 m - a ring of protection from magic (left hand)
 q - an uncursed ring of fire
Wands
 a - a wand of flame (16)
Scrolls
 g - a scroll of random uselessness {unknown}
 h - a scroll of amnesia {unknown}
 j - a scroll of immolation {unknown}
 k - a scroll of noise {unknown}
 l - a scroll of fear {unknown}
 p - 2 scrolls of enchant weapon {unknown}
 s - a scroll of teleportation {unknown}
 t - a scroll of identify
Potions
 e - a potion of ambrosia {unknown}
 f - a potion of might
 i - a potion of curing {unknown}
Comestibles
 c - 4 rations


   Skills:
 + Level 5.7 Fighting
 * Level 7.2 Axes
 + Level 5.0 Armour
 + Level 4.5 Dodging


You had 6 spell levels left.
You didn't know any spells.
Your spell library was empty.

Dungeon Overview and Level Annotations

Branches:
Dungeon (5/15)
 Temple: D:4-7

Altars:
Vehumet

Annotations:
D:4 Dowan


Innate Abilities, Weirdness & Mutations

You reflexively headbutt those who attack you in melee.
You have a pair of horns on your head.


Message History

The shard of ice hits you!
* * * LOW HITPOINT WARNING * * *
Things that are here:
a +6 short sword of venom; a +0 leather armour You feel sick.
Dowan points at you and mumbles some strange words.
The shard of ice misses you.
You feel sick.
You feel sick. Dowan hits you but does no damage.
Dowan gestures at you while chanting. The shard of ice hits you!
* * * LOW HITPOINT WARNING * * *
You closely miss Dowan.
Dowan is almost dead.
You feel the effects of Trog's Hand fading.
* * * LOW HITPOINT WARNING * * *
You feel sick. Dowan hits you but does no damage.
You closely miss Dowan. Your headbutt misses Dowan.
Dowan is almost dead.
You die...

...........
#.....# #.......#
###...# #.......#
#...# #.......#
##...## #.......#
#.....# #.......#
#.....#).#.......#
#.....##.#.......#
#..e..##.........#
#..@..#
#........###
#.....#
#...........
#.....#
#...........
#.....#
#...........
#.....#
#...........
#.....#
#...........
#.....#
#...........
#.....#
#...........
#######
#...........


You could see Dowan.

Vanquished Creatures
  Eustachio (D:4)
  Duvessa (D:4)
  A sky beast (D:4)
  A hound (D:4)
  An orc wizard (D:4)
  3 orc priests (D:4)
  A worker ant (D:4)
  7 adders
  A gnoll (D:2)
  An ooze (D:1)
  2 adder skeletons (D:4)
  5 worms
  6 dart slugs
  5 leopard geckos
  18 orcs
  2 ball pythons
  12 bats
  4 giant cockroaches
  6 goblins
  9 hobgoblins
  8 kobolds
  A quokka (D:3)
  6 frilled lizards
  6 rats
108 creatures vanquished.

Notes
Turn   | Place    | Note
-------+----------+-------------------------------------------
     0 | D:1      | Kahsius the Minotaur Berserker began the quest for the Orb.
     0 | D:1      | Reached XP level 1. HP: 19/19 MP: 0/0
    72 | D:1      | Reached XP level 2. HP: 27/27 MP: 1/1
   212 | D:1      | Reached skill level 4 in Axes
   394 | D:1      | Reached XP level 3. HP: 31/33 MP: 2/2
   505 | D:1      | Reached ** piety under Trog
   851 | D:2      | Reached XP level 4. HP: 19/40 MP: 3/3
  1627 | D:2      | Found a radiant altar of Vehumet.
  1802 | D:3      | Reached skill level 5 in Axes
  1972 | D:3      | Reached XP level 5. HP: 42/47 MP: 4/4
  2089 | D:3      | Reached *** piety under Trog
  2827 | D:4      | Reached XP level 6. HP: 55/55 MP: 5/5
  2836 | D:4      | Reached skill level 5 in Fighting
  2836 | D:4      | Reached skill level 6 in Axes
  2997 | D:4      | Noticed a sky beast
  3009 | D:4      | Killed a sky beast
  3275 | D:4      | Noticed Eustachio
  3308 | D:5      | Entered Level 5 of the Dungeon
  3568 | D:4      | Killed Eustachio
  3568 | D:4      | Reached skill level 7 in Axes
  3568 | D:4      | Reached XP level 7. HP: 41/61 MP: 6/6
  3762 | D:4      | Noticed Dowan
  3764 | D:4      | Noticed Duvessa
  3776 | D:4      | Killed Duvessa
  3776 | D:4      | Reached skill level 5 in Armour
  3784 | D:4      | HP: 1/62 [Dowan/shard of ice (9)]
  3786 | D:4      | Succumbed to Duvessa's poison

Skill      XL: |  1  2  3  4  5  6  7 |
---------------+----------------------+-----
Axes           | 4 5 7 |  7.2
Fighting       | 4 5 |  5.7
Armour         | 3 4 5 |  5.0
Dodging        | 3 4 |  4.5

Action                   |  1- 3 |  4- 6 |  7- 9 || total
-------------------------+-------+-------+-------++-------
Melee: Hand axe          |    69 |    53 |       ||   122
       Headbutt          |     9 |    33 |     2 ||    44
       War axe           |       |   141 |    14 ||   155
Invok: Berserk           |       |     2 |       ||     2
       Trog's Hand       |       |     1 |     1 ||     2
  Use: Scroll            |       |     2 |       ||     2
       Potion            |       |     1 |       ||     1
  Eat: Chunk             |       |     8 |       ||     8
       Ration            |       |     1 |       ||     1
Armor: Animal skin       |    12 |     5 |       ||    17
       Leather armour    |       |     7 |       ||     7
       Chain mail        |       |   100 |     7 ||   107
Dodge: Dodged            |    48 |   136 |     9 ||   193
